 Dungeon Crawl Stone Soup version 0.27-a0-223-ge082b6e869 (webtiles) character file.

Game seed: 15425277576569040460

665 lunkers the Digger (level 7, -2/36 HPs)
             Began as a Kobold Earth Elementalist on Feb 1, 2021.
             Slain by a wight
             ... wielding a +2 spear
              (8 damage)
             ... on level 6 of the Dungeon on Feb 2, 2021.
             The game lasted 00:10:11 (4241 turns).

lunkers the Digger (Kobold Earth Elementalist)      Turns: 4241, Time: 00:10:11

Health: -2/36      AC:  3    Str:  5    XL:     7   Next: 88%
Magic:  1/14       EV: 15    Int: 18    God:
Gold:   175        SH:  0    Dex: 16    Spells: 10/16 levels left

rFire    . . .     SeeInvis .   s - +2 dagger (drain)
rCold    . . .     Faith    .   (shield restricted)
rNeg     + . .     Spirit   .   c - +0 robe
rPois    .         Reflect  .   h - +0 helmet
rElec    .         Harm     .   (no cloak)
rCorr    .         Rampage  .   (no gloves)
Will     .....                  (no boots)
Stlth    +++.......             (no amulet)
HPRegen  0.12/turn              r - ring of positive energy
MPRegen  0.14/turn              (no ring)

@: no status effects
A: small, nightstalker 3
a: no special abilities


You were on level 6 of the Dungeon.
You visited 1 branch of the dungeon, and saw 5 of its levels.

You collected 175 gold pieces.

Inventory:

Hand Weapons
 m - a +3 short sword
 o - a +0 short sword of electrocution
 s - a +2 dagger of draining (weapon)
Missiles
 a - 8 curare-tipped darts {=f}
 b - 58 stones
Armour
 c - a +0 robe (worn)
 h - a +0 helmet (worn)
Jewellery
 r - a ring of positive energy (left hand)
Wands
 x - a wand of random effects (23)
 y - a wand of mindburst (12)
Scrolls
 d - a scroll of fog {unknown}
 f - 2 scrolls of amnesia {unknown}
 g - 2 scrolls of enchant weapon {unknown}
 i - 2 scrolls of remove curse {unknown}
 j - a scroll of teleportation {unknown}
 k - 6 scrolls of identify {unknown}
 l - a scroll of immolation {unknown}
 p - a scroll of blinking {unknown}
 q - a scroll of fear {unknown}
Potions
 e - a potion of might {unknown}
 n - a potion of curing {unknown}
 t - 2 potions of invisibility {unknown}
 u - 2 potions of flight {unknown}
 v - a potion of magic {unknown}
 w - a potion of haste {unknown}
 z - a potion of brilliance {unknown}
 A - a potion of berserk rage {unknown}
 B - 2 potions of lignification {unknown}


   Skills:
 - Level 2.4 Dodging
 - Level 2.6 Stealth
 + Level 5.0 Spellcasting
 - Level 1.0 Transmutations
 * Level 7.2 Earth Magic


You had 10 spell levels left.
You knew the following spells:

 Your Spells              Type           Power        Failure   Level
a - Sandblast             Erth           60%          1%          1
b - Passwall              Tmut/Erth      15%          3%          2
c - Stone Arrow           Conj/Erth      34%          9%          3

Your spell library contained the following spells:

 Spells                   Type           Power        Failure   Level
 Summon Small Mammal      Summ           16%          13%         1
 Lee's Rapid Deconstruct  Erth           15%          19%         5
 Call Imp                 Summ           4%           21%         2
 Petrify                  Tmut/Erth      19%          24%         4
 Call Canine Familiar     Summ           4%           36%         3
 Summon Guardian Golem    Hex/Summ       4%           36%         3
 Summon Ice Beast         Ice/Summ       4%           78%         4
 Summon Lightning Spire   Summ/Air       4%           78%         4


Dungeon Overview and Level Annotations

Branches:
Dungeon (4/15)
 Temple: D:4-7

Altars:
Wu Jian
The Shining One

Annotations:
D:4 1 runed translucent door, Crazy Yiuf


Innate Abilities, Weirdness & Mutations

You are small and have problems with some larger weapons.
You are completely attuned to the shadows.


Message History

Your Spellcasting skill increases to level 5!
Unknown command.
Unknown command.
Casting: Sandblast (safe; 1% risk of failure)
Confirm with . or Enter, or press ? or * to list all spells.
Aiming: Sandblast (safe; 1% risk of failure)
Press: ? - help, Shift-Dir - straight line, f - wight
Aim: a wight, wielding a +2 spear and wearing a +0 robe (18% to evade)
The blast of sand hits the wight but does no damage.
* * * LOW MAGIC WARNING * * *
The wight closely misses you.
Casting: Sandblast (safe; 1% risk of failure)
Confirm with . or Enter, or press ? or * to list all spells.
Aiming: Sandblast (safe; 1% risk of failure)
Press: ? - help, Shift-Dir - straight line, f/p - wight
Aim: a wight, wielding a +2 spear and wearing a +0 robe (18% to evade)
The blast of sand misses the wight.
* * * LOW MAGIC WARNING * * *
The wight hits you from afar with a +2 spear!
You die...

####################'########
#.#
##.........................##
#.#
#≈≈≈≈≈≈≈≈≈≈≈≈≈≈≈≈≈≈≈≈≈≈≈≈≈≈≈#
#≈≈≈≈≈≈≈≈≈≈≈≈≈≈≈≈≈≈≈≈≈≈≈≈≈≈≈#
##.........................##
####.#######################
###.## ..# ##..## #8.## ##.##
#.## ####.##.######.# #.#####
##.###..@####..####.#
#.#...###.#.#.###.#####.##.##
##.###...###.## ##z##[)#..##
#### ##### ### ####.#######
....#)#....# .......)..(.
....#.#..... ............
#####..######


You could see a wight.

Vanquished Creatures
  An ice beast (D:3)
  2 centaurs (D:6)
  A bullfrog (D:6)
  3 wights (D:6)
  A hound (D:6)
  An iguana (D:2)
  An orc wizard (D:6)
  5 adders
  2 oozes
  2 adder skeletons (D:6)
  A worm (D:3)
  3 leopard geckos
  4 orcs
  4 ball pythons
  5 bats
  2 giant cockroaches
  6 goblins
  6 hobgoblins
  13 jackals
  A quokka (D:6)
  6 frilled lizards
  A jackal skeleton (D:6)
  8 kobolds
  12 rats
91 creatures vanquished.

Notes
Turn   | Place    | Note
-------+----------+-------------------------------------------
     0 | D:1      | lunkers the Kobold Earth Elementalist began the quest for
                  | the Orb.
     0 | D:1      | Reached XP level 1. HP: 10/10 MP: 3/3
   124 | D:1      | Reached XP level 2. HP: 15/15 MP: 3/5
   543 | D:1      | Reached XP level 3. HP: 19/19 MP: 4/6
  1057 | D:1      | Reached skill level 4 in Earth Magic
  1376 | D:2      | Reached XP level 4. HP: 24/24 MP: 4/8
  1492 | D:2      | Learned a level 2 spell: Passwall
  1496 | D:2      | Learned a level 3 spell: Stone Arrow
  1788 | D:2      | You fall into a shaft and drop 2 floors!
  1926 | D:3      | Reached XP level 5. HP: 26/28 MP: 4/9
  2869 | D:3      | Reached skill level 5 in Earth Magic
  2987 | D:3      | Noticed an ice beast
  2996 | D:3      | Killed an ice beast
  2997 | D:3      | Reached XP level 6. HP: 22/32 MP: 3/11
  3157 | D:3      | Found a glowing golden altar of the Shining One.
  3497 | D:4      | Found a runed translucent door.
  3500 | D:4      | Noticed Crazy Yiuf
  3551 | D:4      | You fall into a shaft and drop 2 floors!
  3686 | D:6      | Found an ornate altar of the Wu Jian Council.
  3690 | D:6      | Noticed a spectral centipede
  3690 | D:6      | Noticed a spectral black mamba
  3690 | D:6      | Noticed a spectral cane toad
  3849 | D:6      | Reached skill level 6 in Earth Magic
  4038 | D:6      | Reached XP level 7. HP: 28/36 MP: 9/13
  4222 | D:6      | Reached skill level 7 in Earth Magic
  4237 | D:6      | Reached skill level 5 in Spellcasting
  4241 | D:6      | Slain by a wight

Illustrated notes

Levels and vault maps discovered:
D:1:      lemuel_arrival_broad_hall, layout_loops_cross
D:2:      layout_basic
D:3:      layout_rooms, tso_metal_star
D:4:      layout_loops_ring, lemuel_round_altar, serial_shops,
          nicolae_shop_competitors_out_of_business, nicolae_shop_stone, shop,
          hangedman_decor_push, uniq_robin, uniq_crazy_yiuf_cottage
D:6:      wad_river_or_something, layout_loops_ring,
          pdpol_wu_jian_five_deadly_venoms, nicolae_ossuary_entry_giza

Skill      XL: |  1  2  3  4  5  6  7 |
---------------+----------------------+-----
Earth Magic    | 4 5 6 7 |  7.2
Spellcasting   | 3 4 5 |  5.0
Dodging        | |  2.4
Stealth        | |  2.6
Transmutations | |  1.0

Action                   |  1- 3 |  4- 6 |  7- 9 || total
-------------------------+-------+-------+-------++-------
Melee: Unarmed           |     4 |       |       ||     4
       Short sword       |       |    29 |       ||    29
       Dagger            |       |     4 |       ||     4
 Cast: Sandblast         |    50 |    59 |    21 ||   130
 Stab: Sleeping          |       |     4 |       ||     4
Armor: Robe              |     3 |     6 |       ||     9
Dodge: Dodged            |    15 |    43 |    16 ||    74

Table legend: (Time is in decaauts)
 A = Elapsed time spent in this place.
 B = Non-inter-level travel time spent in this place.
 C = Inter-level travel time spent in this place.
 D = Time resting spent in this place.
 E = Time spent auto-exploring this place.
 F = Levels seen in this place.
 G = Mean time per level.
                   A        B        C        D        E       F      G
               +--------+--------+--------+--------+--------+-----+--------+
         Total |   4247 |   4077 |    170 |      0 |   3550 |   5 |  849.4 |
       Dungeon |   4247 |   4077 |    170 |      0 |   3550 |   5 |  849.4 |
               +--------+--------+--------+--------+--------+-----+--------+

Top non-repeatable levels by time:
     D:1: 1347 daAuts
     D:2: 1230 daAuts
     D:3: 727 daAuts
     D:6: 693 daAuts
     D:4: 248 daAuts
